 Dungeon Crawl Stone Soup version 0.28.0-45-g0d030f2227 (console) character file.

Game seed: 4112819704299635398

2788 Faeu the Fighter (level 9, -6/71 (72) HPs)
             Began as a Minotaur Fighter on Apr 20, 2022.
             Was a Follower of Hepliaklqana.
             Asphyxiated
             ... on level 9 of the Dungeon.
             The game lasted 00:32:08 (7030 turns).

Faeu the Fighter (Minotaur Fighter)                 Turns: 7030, Time: 00:32:08

HP:   -6/71 (72)    AC: 13    Str: 25    XL:     9   Next: 43%
MP:   8/8           EV: 10    Int:  5    God:    Hepliaklqana [*.....]
Gold: 304           SH:  6    Dex: 16    Spells: 8/8 levels left

rFire   . . .      SeeInvis +   a - +0 long sword (flame) {long}
rCold   . . .      Faith    +   c - +0 buckler
rNeg    . . .      Spirit   .   b - +0 chain mail
rPois   .          Reflect  .   (helmet restricted)
rElec   .          Harm     .   (no cloak)
rCorr   .          Rampage  .   o - +0 pair of gloves
Will    .....                   m - +0 pair of boots
Stlth   ..........              I - amulet of faith {!P}
HPRegen 0.21/turn               j - ring of see invisible
MPRegen 0.11/turn               N - +6 ring of dexterity

@: lethally poisoned (-6 -> -25), lightly drained
A: reduced essence, horns 2, retaliatory headbutt
a: Renounce Religion, Recall Ancestor, Ancestor Identity


You were on level 9 of the Dungeon.
You worshipped Hepliaklqana.
Hepliaklqana was aware of your devotion.
You visited 2 branches of the dungeon, and saw 10 of its levels.
You also visited: Ossuary.

You collected 304 gold pieces.


Innate Abilities, Weirdness & Mutations

Your life essence is reduced to manifest your ancestor. (-10% HP)
You have a pair of horns on your head.
You reflexively headbutt those who attack you in melee.


   Skills:
 + Level 8.3 Fighting
 + Level 7.8 Long Blades
 + Level 8.3 Armour
 + Level 4.0 Dodging
 + Level 8.3 Shields


You had 8 spell levels left.
You didn't know any spells.
Your spell library contained the following spells:

 Spells                   Type           Power      Damage    Failure   Level
 Magic Dart               Conj           0%         1d3       98%         1
 Blink                    Tloc           0%         N/A       99%         2
 Corpse Rot               Necr/Air       0%         N/A       99%         2
 Poisonous Vapours        Pois/Air       0%         N/A       99%         2
 Searing Ray              Conj           0%         2d4       99%         2
 Lesser Beckoning         Tloc           0%         N/A       100%        3
 Fulminant Prism          Conj/Hex       0%         3d6       100%        4
 Manifold Assault         Tloc           0%         N/A       100%        5

Inventory:

Hand Weapons
 a - a +0 long sword of flaming (weapon) {long}
 e - a +1 scimitar of flaming {long}
   (You acquired it on level 5 of the Dungeon)
 r - a +1 dagger of venom {short}
   (You took it off a goblin on level 2 of the Dungeon)
 y - a +1 vorpal mace {mace}
   (You found it on level 4 of the Dungeon)
 J - a +0 great sword {long}
   (You took it off a wight on level 7 of the Dungeon)
Missiles
 G - 7 boomerangs {throwing}
Armour
 b - a +0 chain mail (worn)
   (You took it off an orc on level 6 of the Dungeon)
 c - a +0 buckler (worn)
 m - a +0 pair of boots (worn)
   (You found it on level 2 of the Dungeon)
 o - a +0 pair of gloves (worn)
   (You found it on level 2 of the Dungeon)
 u - the +0 ring mail "Mystryom" {rElec rN+ Will+ Regen+ Stlth-}
   (You found it on level 3 of the Dungeon)

   rElec:     It insulates you from electricity.
   rN:        It protects you from negative energy.
   Regen:     It increases your rate of health regeneration.
   Will:      It increases your willpower.
   Stlth:     It makes you less stealthy.
 P - a +1 scale mail of poison resistance
   (You found it on level 7 of the Dungeon)
Jewellery
 j - a ring of see invisible (left hand)
   (You found it on level 2 of the Dungeon)
 I - an amulet of faith (around neck) {!P}
   (You found it on level 6 of the Dungeon)
 M - a ring of fire
   (You took it off an orc warrior on level 7 of the Dungeon)
 N - a +6 ring of dexterity (right hand)
   (You took it off an orc on level 7 of the Dungeon)
Wands
 i - a wand of digging (4)
   (You found it on level 5 of the Dungeon)
 l - a wand of paralysis (7)
   (You found it on level 2 of the Dungeon)
 n - a wand of flame (21) (quivered)
   (You took it off Jessica on level 2 of the Dungeon)
 z - a wand of mindburst (15)
   (You found it on level 5 of the Dungeon)
Scrolls
 g - 12 scrolls of identify {unknown}
 h - 5 scrolls of teleportation {unknown}
 p - 2 scrolls of acquirement
 q - 2 scrolls of enchant weapon {unknown}
 w - 2 scrolls of blinking {!r}
 C - 2 scrolls of vulnerability {!r!r}
 D - 2 scrolls of torment {unknown}
 E - 2 scrolls of fog
 K - a scroll of magic mapping {unknown}
 L - a scroll of noise {unknown}
 O - a scroll of fear {unknown}
Potions
 d - 5 potions of might
 f - 4 potions of magic {unknown}
 k - a potion of mutation {unknown}
 s - 2 potions of heal wounds {unknown}
 t - a potion of brilliance {unknown}
 v - a potion of invisibility {unknown}
 x - 4 potions of curing {unknown}
 A - 2 potions of experience {unknown}
 B - 3 potions of attraction {unknown}
 F - a potion of haste {unknown}
 H - a potion of degeneration {unknown}
 Q - a potion of lignification {unknown}
 R - 2 potions of ambrosia {unknown}

Dungeon Overview and Level Annotations

Branches:
Dungeon (9/15)             Temple (1/1) D:5         Ossuary (visited)
   Lair: D:8-11         Orc: D:9-12

Altars:
Ashenzari
Cheibriados
Dithmenos
Elyvilon
Gozag
Hepliaklqana
Kikubaaqudgha
Makhleb
Nemelex Xobeh
Okawaru
Qazlal
Ru
Sif Muna
Trog
Uskayaw
Vehumet
Wu Jian
Xom
Yredelemnul
Zin
Lugonu

Portals:
Abyss: D:3

Annotations:
D:4 Sigmund

###+########
.......g...#
.........g.#
.[.}..gTg.g#
...........#
....K..g.!.#
.......@KK.#
....KK.KKK.+
...........#
############


You could see 2 kobold demonologists, a troll, 3 kobold brigands, a gnoll
sergeant, 5 gnolls and 3 kobolds.


Message History

You completely miss the ice beast. The ice beast closely misses you.
You hit the ice beast but do no damage.
You block the ice beast's attack. 😕 HP[+1]
You closely miss the ice beast. You headbutt the ice beast.
You kill the ice beast!
Your Dodging skill increases to level 4! 😕 HP[+1]
You start resting.
HP restored. 😎 HP[+15] Hepliaklqana forms a fragment of your life essence into the memory of your ancestor, Djefatnebti!
You can now recall your ancestor.
You can now remember your ancestor's identity. 😎 HP[-9]
You now have 72 max hp (-9).
There is an escape hatch in the floor here.
There's nothing to open nearby.
There's nothing to open nearby.
There's nothing to open nearby.
There's nothing to open nearby.
There's nothing to open nearby.
There's nothing to open nearby.
There's nothing to open nearby.
There's nothing to open nearby.
There's nothing to open nearby.
You swap places.
You swap places.
An orc comes into view. It is wielding a +0 dagger.
The orc shouts!
There's nothing to open nearby.
You swap places.
You swap places.
You hit the orc but do no damage. The orc hits you but does no damage.
You hit the orc. You burn the orc. The orc hits you but does no damage.
You slash the orc! You burn the orc.
You kill the orc!
Things that are here:
a +0 dagger {short}; a +0 chain mail You now have 304 gold pieces (gained 12).
A two-headed ogre comes into view. It is wielding two +0 giant clubs.
The two-headed ogre shouts in stereo!
The puff of flame hits the two-headed ogre but does no damage.
The puff of flame hits the two-headed ogre.
Djefatnebti avoids your attack.
The puff of flame hits the two-headed ogre.
The two-headed ogre barely misses Djefatnebti.
The two-headed ogre misses Djefatnebti.
Djefatnebti hits the two-headed ogre.
Djefatnebti hits the two-headed ogre!
The two-headed ogre barely misses you.
The two-headed ogre hits you with a +0 giant club! 😕 HP[-17]
You take 17 damage, and now have 55/72 hp.
MASSIVE DAMAGE!! (PAUSE)
You hit the two-headed ogre but do no damage.
Djefatnebti hits the two-headed ogre.
The two-headed ogre hits you with a +0 giant club!!
* * * LOW HITPOINT WARNING * * *
The two-headed ogre hits you with a +0 giant club!
* * * LOW HITPOINT WARNING * * *
Djefatnebti hits the two-headed ogre! 😱 HP[-42]
You take 42 damage, and now have 13/72 hp.
MASSIVE DAMAGE!! (PAUSE) Djefatnebti hits the two-headed ogre.
The two-headed ogre barely misses Djefatnebti. x2
Djefatnebti hits the two-headed ogre! 😱 HP[+1] Djefatnebti completely misses the two-headed ogre.
The two-headed ogre closely misses Djefatnebti.
The two-headed ogre hits Djefatnebti with a +0 giant club!!
Djefatnebti hits the two-headed ogre but does no damage.
The two-headed ogre completely misses Djefatnebti. x2
Djefatnebti hits the two-headed ogre.
The two-headed ogre hits Djefatnebti with a +0 giant club!!
Djefatnebti is destroyed! 😱 HP[+1] 😱 HP[+1]
A wight comes into view.
It is wielding a +5 trident of freezing.
There is a stone staircase leading down here.
The wight hits you from afar with a +5 trident of freezing.
* * * LOW HITPOINT WARNING * * *
You feel drained.
* * * LOW HITPOINT WARNING * * *
The wight freezes you.
* * * LOW HITPOINT WARNING * * *
You climb downwards.
The gnoll sergeant shouts!
The gnoll shouts! x4; The kobold shouts!
The kobold brigand shouts! x2; The kobold shouts! x2
The kobold brigand shouts!
The kobold demonologist shouts!
The troll shouts!
There is a stone staircase leading up here. 😱 HP[-9]
You now have 71 max hp (-1).
You take 9 damage, and now have 7/71 hp.
The gnoll hits you with a +0 halberd.
* * * LOW HITPOINT WARNING * * *
The kobold brigand throws a curare-tipped dart.
The curare-tipped dart hits you.
You are lethally poisoned!
You have difficulty breathing.
You die...

Skill      XL: |  1  2  3  4  5  6  7  8  9 |
---------------+----------------------------+-----
Armour         | 4 5 6 7 8 |  8.3
Fighting       | 4 5 6 7 8 |  8.3
Long Blades    | 3 4 5 6 7 |  7.8
Shields        | 4 5 6 7 8 |  8.3
Dodging        | 2 4 |  4.0

Action                   |  1- 3 |  4- 6 |  7- 9 || total
-------------------------+-------+-------+-------++-------
Melee: Long sword        |    56 |   111 |   227 ||   394
       Headbutt          |     5 |    17 |    46 ||    68
Throw: Boomerang         |       |       |     2 ||     2
Evoke: Wand              |       |     1 |     3 ||     4
  Use: Scroll            |       |       |     6 ||     6
Armor: Scale mail        |    24 |     8 |       ||    32
       Ring mail         |       |    44 |    38 ||    82
       Chain mail        |       |       |    47 ||    47
Dodge: Dodged            |    37 |    62 |    78 ||   177
Block: Buckler           |    15 |    34 |    30 ||    79

Levels and vault maps discovered:
D:1:      arrival_zaba_pyramid, layout_basic, hex_large
D:2:      layout_basic, uniq_natasha, uniq_jessica
D:3:      layout_basic, amcnicky_altar_lugonu_corruption
D:4:      layout_basic, dk_noncrumbling_2, uniq_pikel, uniq_sigmund,
          uniq_grinder
D:5:      layout_loops_cross, mainiacjoe_overflow_surrounded_room,
          minmay_temple_entry_glass, nicolae_ossuary_entry_giza
D:6:      layout_cave_pools, serial_column_ruins, column_ruins_hut_pillars,
          column_ruins_hut_water, column_ruins_open_small,
          column_ruins_open_small, column_ruins_grid_1,
          chequers_serial_rivers_room_b, grunt_decor_fettered
D:7:      layout_loops_corners, nicolae_overflow_hallway_of_the_gods
D:8:      layout_loops_ring, fedhas_altar_1, ebering_ghost_gozag, the_hattery,
          uniq_maggie
D:9:      layout_roguey, serial_shops, shop_fountains
Temple:   oiseaux_autumnal_temple

Notes
Turn   | Place    | Note
-------+----------+-------------------------------------------
     0 | D:1      | Faeu the Minotaur Fighter began the quest for the Orb.
     0 | D:1      | Reached XP level 1. HP: 19/19 MP: 0/0
     0 | D:1      | magus.rc [v1.9.6]
   214 | D:1      | Reached XP level 2. HP: 27/27 MP: 1/1
   367 | D:1      | Reached skill level 4 in Armour
   581 | D:1      | Reached skill level 4 in Fighting
   850 | D:2      | Reached skill level 3 in Long Blades
   850 | D:2      | Reached skill level 4 in Shields
   996 | D:2      | Reached XP level 3. HP: 23/33 MP: 2/2
  1119 | D:2      | Noticed Jessica
  1136 | D:2      | Killed Jessica
  1198 | D:2      | Noticed Natasha
  1206 | D:2      | Killed Natasha
  1207 | D:2      | Reached XP level 4. HP: 31/41 MP: 3/3
  1628 | D:2      | You pick up a book of Vapours and begin reading...
  1628 | D:2      | You add the spells Poisonous Vapours and Corpse Rot to your
                  | library.
  1816 | D:3      | Identified the +0 ring mail "Mystryom" {rElec rN+ Will+
                  | Regen+ Stlth-}
  1947 | D:3      | Found a corrupted altar of Lugonu.
  1948 | D:3      | Found a one-way gate to the infinite horrors of the Abyss.
  2009 | D:3      | Reached XP level 5. HP: 34/47 MP: 4/4
  2277 | D:3      | Reached skill level 4 in Long Blades
  2647 | D:4      | Reached skill level 5 in Fighting
  2647 | D:4      | Reached skill level 5 in Armour
  2675 | D:4      | Reached skill level 5 in Shields
  2705 | D:4      | Noticed a centaur
  2711 | D:4      | Noticed a necrophage
  2724 | D:4      | Killed a necrophage
  2725 | D:4      | Reached XP level 6. HP: 54/56 MP: 5/5
  2758 | D:4      | Noticed Sigmund
  3065 | D:5      | Entered Level 5 of the Dungeon
  3147 | D:5      | Found a bloodstained altar of Trog.
  3305 | D:5      | Noticed a yak
  3328 | D:5      | Noticed a yak
  3330 | D:5      | Killed a yak
  3330 | D:5      | Noticed a yak
  3331 | D:5      | Reached skill level 5 in Long Blades
  3331 | D:5      | Reached XP level 7. HP: 44/62 MP: 6/6
  3348 | D:5      | Killed a yak
  3349 | D:5      | Reached skill level 6 in Fighting
  3349 | D:5      | Reached skill level 6 in Armour
  3349 | D:5      | Reached skill level 6 in Shields
  3349 | D:5      | Killed a yak
  3359 | D:5      | Identified 2 scrolls of acquirement
  3359 | D:5      | Acquired a +1 scimitar of flaming
  3378 | D:5      | Found a staircase to the Ecumenical Temple.
  3535 | D:5      | Found a sand-covered staircase.
  3539 | D:5      | Reached skill level 6 in Long Blades
  3539 | D:5      | Reached XP level 8. HP: 71/71 MP: 7/7
  3542 | Ossuary  | Entered an ossuary
  4308 | D:6      | Reached skill level 7 in Fighting
  4308 | D:6      | Reached skill level 7 in Armour
  4308 | D:6      | Reached skill level 7 in Shields
  4397 | D:6      | Reached skill level 1 in Dodging
  4418 | D:6      | Noticed a cyclops
  4429 | D:6      | HP: 14/73 [cyclops (9)]
  4431 | D:6      | Killed a cyclops
  4432 | D:6      | Reached skill level 7 in Long Blades
  4432 | D:6      | Reached skill level 2 in Dodging
  4842 | D:6      | Reached XP level 9. HP: 80/80 MP: 8/8
  4911 | Temple   | Entered the Ecumenical Temple
  5060 | Temple   | Became a worshipper of Hepliaklqana the Forgotten
  5367 | D:7      | Reached skill level 3 in Dodging
  5385 | D:7      | You pick up a book of Spatial Translocations and begin
                  | reading...
  5385 | D:7      | You add the spells Blink, Lesser Beckoning and Manifold
                  | Assault to your library.
  5836 | D:7      | You pick up a book of Conjurations {@e2} and begin
                  | reading...
  5836 | D:7      | You add the spells Magic Dart, Searing Ray and Fulminant
                  | Prism to your library.
  5905 | D:7      | Reached skill level 8 in Fighting
  5905 | D:7      | Reached skill level 8 in Armour
  5905 | D:7      | Reached skill level 8 in Shields
  6401 | D:7      | Found an ancient bone altar of Kikubaaqudgha.
  6446 | D:7      | Found a broken altar of Ashenzari.
  6451 | D:7      | Found a stormy altar of Qazlal.
  6453 | D:7      | Found a radiant altar of Vehumet.
  6455 | D:7      | Found a hide-covered altar of Uskayaw.
  6460 | D:7      | Found a white marble altar of Elyvilon.
  6463 | D:7      | Found a basalt altar of Yredelemnul.
  6843 | D:8      | Reached skill level 4 in Dodging
  6942 | D:8      | Reached * piety under Hepliaklqana
  7006 | D:8      | Noticed a two-headed ogre
  7012 | D:8      | HP: 13/72 [two-headed ogre/+0 giant club (17)]
  7028 | D:8      | HP: 11/72 [wight/+5 trident of freezing (6)]
  7029 | D:9      | Noticed a kobold demonologist
  7029 | D:9      | Noticed a kobold demonologist
  7029 | D:9      | Noticed a troll
  7030 | D:9      | HP: 4/71 [gnoll/+0 halberd (3)]
  7030 | D:9      | Asphyxiated

Vanquished Creatures
  A cyclops (D:6)
  3 yaks (D:5)
  An orc warrior (D:7)
  2 sky beasts
  2 ice beasts
  2 necrophages
  2 centaurs
  2 phantoms (D:6)
  A bullfrog (D:7)
  3 wights (D:7)
  A jelly (D:3)
  4 orc priests
  4 hounds
  A bullfrog skeleton (D:6)
  Jessica (D:2)
  Natasha (D:2)
  An iguana (D:6)
  4 orc wizards
  14 mummies
  3 gnolls (D:3)
  5 adders
  2 shadow imps
  3 ufetubi
  A worm (D:2)
  19 orcs
  7 ball pythons
  7 endoplasms
  4 giant cockroaches
  3 hobgoblins
  7 jackals (D:1)
  4 kobolds
  4 quokkas
  6 bats
  3 frilled lizards
  A gnoll skeleton (Ossuary)
  5 goblins
  3 goblin skeletons (Ossuary)
  2 hobgoblin zombies (D:5)
  3 kobold skeletons (Ossuary)
  An orc skeleton (Ossuary)
  4 rats
  11 rat skeletons (Ossuary)
158 creatures vanquished.

Vanquished Creatures (others)
  An orc wizard (D:6)
  An ancestor (D:8)
  A lurking horror (D:3)
3 creatures vanquished.

Grand Total: 161 creatures vanquished

Table legend:
 A = Non-vault XP
 B = Vault XP
 C = Vault XP percentage of total XP
 D = Non-vault monster count
 E = Vault monster count
 F = Vault count percentage of total count
                 A         B        C        D         E       F
            +---------+---------+-------+---------+---------+-------
      Total |    3640 |     343 |   8.6 |     122 |      37 |  23.3
            +---------+---------+-------+---------+---------+-------
        D:1 |      33 |       0 |   0.0 |      21 |       0 |   0.0
        D:2 |      60 |      73 |  54.9 |      15 |       2 |  11.8
        D:3 |     131 |       0 |   0.0 |      23 |       0 |   0.0
        D:4 |     366 |       0 |   0.0 |      11 |       0 |   0.0
        D:5 |     765 |      20 |   2.5 |       7 |       3 |  30.0
        D:6 |    1138 |       0 |   0.0 |      15 |       0 |   0.0
        D:7 |    1015 |       0 |   0.0 |      28 |       0 |   0.0
        D:8 |     132 |       0 |   0.0 |       2 |       0 |   0.0
    Ossuary |       0 |     250 | 100.0 |       0 |      32 | 100.0
            +---------+---------+-------+---------+---------+-------

Illustrated notes

Table legend:
 A = Kills in this place as a percentage of kills in entire the game.
 B = Kills by you in this place as a percentage of kills by you in the entire game.
 C = Kills by friends in this place as a percentage of kills by friends in the entire game.
 D = Other kills in this place as a percentage of other kills in the entire game.
 E = Experience gained in this place as a percentage of experience gained in the entire game.
 F = Experience gained in this place divided by the number of levels of this place that you have seen.
                   A       B       C       D       E      F
               +-------+-------+-------+-------+-------+----------------------
         Total | 100.0 | 100.0 |   N/A | 100.0 | 100.0 | 362.1
       Dungeon |  79.9 |  79.7 |   N/A | 100.0 |  93.7 | 414.8
       Ossuary |  20.1 |  20.3 |   N/A |   0.0 |   6.3 | 250.0
               +-------+-------+-------+-------+-------+----------------------

Table legend: (Time is in decaauts)
 A = Elapsed time spent in this place.
 B = Non-inter-level travel time spent in this place.
 C = Inter-level travel time spent in this place.
 D = Time resting spent in this place.
 E = Time spent auto-exploring this place.
 F = Levels seen in this place.
 G = Mean time per level.
                   A        B        C        D        E       F      G
               +--------+--------+--------+--------+--------+-----+--------+
         Total |   7097 |   6770 |    327 |    163 |   3971 |  11 |  645.2 |
       Dungeon |   6577 |   6269 |    308 |    163 |   3796 |   9 |  730.8 |
        Temple |    170 |    152 |     18 |      0 |    125 |   1 |  170.0 |
       Ossuary |    350 |    350 |      0 |      0 |     50 |   1 |  350.0 |
               +--------+--------+--------+--------+--------+-----+--------+

Top non-repeatable levels by time:
     D:7: 1510 daAuts
     D:2: 991 daAuts
     D:5: 989 daAuts
     D:3: 909 daAuts
     D:1: 830 daAuts
     D:6: 749 daAuts
     D:4: 373 daAuts
 Ossuary: 350 daAuts
     D:8: 223 daAuts
  Temple: 170 daAuts
     D:9: 0 daAuts
